AoeStats
← maimadana

Arabia

510824438Analyzed
1v1 RM · 15h ago on Oct 2, 2026· 40m 6s· 2 players
Game mode
Random Map
Map size
Tiny (2 player)
Population
200
Speed
Normal
Resources
Standard
Victory
Conquest
Starting age
Dark Age
Ending age
Imperial Age
RankedLock teamsTeams togetherTeam positionsShared explorationLock speedFull tech treeHidden civsTurbo modeCheats
Victory
Defeat
🇮🇹 Spanish · Italy
796
+16
🇨🇿 Magyars · Czechia
795
-16
maimadana
5:12 Loom
10:23 Feudal Age
10:48 Double-Bit Axe
10:45 Horse Collar
23:34 Castle Age
22:55 Scale Barding Armor
23:42 Pikeman
24:37 Bloodlines
26:40 Bow Saw
29:42 Wheelbarrow
36:30 Imperial Age
35:58 Elite Skirmisher
dadamora
5:13 Loom
12:31 Feudal Age
13:26 Town Watch
16:14 Castle Age
15:40 Double-Bit Axe
16:40 Forging
23:09 Bow Saw
23:05 Horse Collar
24:13 Stone Mining
25:47 Wheelbarrow
25:14 Pikeman
26:46 Stone Shaft Mining
26:47 Squires
27:02 Heavy Plow
27:11 Arson
30:52 Iron Casting
30:47 Hand Cart
31:05 Fletching
35:25 Imperial Age
35:08 Bodkin Arrow
35:35 Capped Ram
37:36 Hoardings
38:03 Supremacy
Connection lost

Rejoining the realm…

Still unreachable

The connection could not be restored.

Session expired

The server has moved on; the page needs a fresh start.